 Dungeon Crawl Stone Soup version 0.26-a0-958-gf3041fb45f (webtiles) character file.

Game seed: 10262967861483990394

2146 BioHzzd the Chopper (level 8, -1/67 HPs)
             Began as a Demigod Fighter on Nov 30, 2020.
             Slain by an orc warrior
             ... wielding a +0 short sword
              (13 damage)
             ... on level 9 of the Dungeon.
             The game lasted 00:21:12 (7212 turns).

BioHzzd the Chopper (Demigod Fighter)               Turns: 7212, Time: 00:21:12

Health: -1/67      AC: 17    Str: 19    XL:     8   Next: 84%
Magic:  10/10      EV:  8    Int: 14    God:
Gold:   595        SH: 10    Dex: 17    Spells: 7/7 levels left

rFire    . . .     SeeInvis .   N - +4 morningstar
rCold    . . .     Faith    .   c - +0 kite shield
rNeg     + . .     Spirit   .   t - +0 pearl dragon scales
rPois    +         Reflect  .   (no helmet)
rElec    .         Harm     .   (no cloak)
rCorr    .         Rampage  .   (no gloves)
MR       .....                  w - +0 pair of boots
Stlth    ..........             (no amulet)
HPRegen  0.21/turn              U - +4 ring of protection
MPRegen  0.12/turn              T - ring of poison resistance

@: mighty, slowed, lightly drained, very slow
A: high mp 1
a: no special abilities


You were on level 9 of the Dungeon.
You visited 1 branch of the dungeon, and saw 9 of its levels.

You collected 595 gold pieces.

Inventory:

Hand Weapons
 a - a +0 war axe
 D - a +3 quarterstaff
 M - a +1 vorpal battleaxe
 N - a +4 morningstar (weapon)
 P - a +2 falchion of holy wrath
Missiles
 g - 8 javelins (quivered)
 S - 5 boomerangs of dispersal
Armour
 b - a +0 scale mail
 c - a +0 kite shield (worn)
 i - a +0 plate armour
 t - +0 pearl dragon scales (worn)
 u - a +3 ring mail
 w - a +0 pair of boots (worn)
Jewellery
 m - an uncursed ring of stealth
 E - an uncursed ring of protection from cold
 O - an uncursed ring of protection from fire
 Q - an uncursed ring of protection from fire
 T - a ring of poison resistance (right hand)
 U - a +4 ring of protection (left hand)
Wands
 F - a wand of enslavement (9)
 I - a wand of flame (20)
 K - a wand of polymorph (8)
Scrolls
 e - 5 scrolls of identify
 f - 2 scrolls of enchant weapon {unknown}
 h - a scroll of noise {unknown}
 l - a scroll of immolation {unknown}
 n - 6 scrolls of magic mapping {unknown}
 o - a scroll of fear {unknown}
 v - 5 scrolls of blinking {unknown}
 y - a scroll of enchant armour {unknown}
 A - 2 scrolls of amnesia {unknown}
 B - 5 scrolls of remove curse {unknown}
 C - a scroll of random uselessness {unknown}
 G - 5 scrolls of teleportation {unknown}
 H - a scroll of fog {unknown}
Potions
 d - a potion of might
 j - 5 potions of heal wounds {unknown}
 k - a potion of degeneration {unknown}
 p - 3 potions of curing {unknown}
 q - 2 potions of magic {unknown}
 r - 2 potions of resistance {unknown}
 s - a potion of mutation {unknown}
 x - 2 potions of brilliance {unknown}
 z - 2 potions of lignification {unknown}
 J - 3 potions of flight {unknown}
 L - 3 potions of invisibility {unknown}
 R - a potion of ambrosia {unknown}


   Skills:
 + Level 4.6(4.3) Fighting
 + Level 6.4(6.7) Axes
 + Level 4.0(5.5) Maces & Flails
 + Level 5.0(4.7) Armour
 + Level 2.5(2.2) Dodging
 + Level 0.6(0.4) Stealth
 + Level 5.4(5.1) Shields


You had 7 spell levels left.
You didn't know any spells.
Your spell library contained the following spells:

 Spells                   Type           Power        Failure   Level
 Animate Skeleton         Necr           #.....       98%         1
 Apportation              Tloc           #.....       98%         1
 Corona                   Hex            #......      98%         1
 Shock                    Conj/Air       #...         98%         1
 Summon Small Mammal      Summ           #...         98%         1
 Swiftness                Air            #.......     99%         2
 Static Discharge         Conj/Air       #.......     100%        3
 Airstrike                Air            #.........   100%        4
 Lightning Bolt           Conj/Air       #.........   100%        5


Dungeon Overview and Level Annotations

Branches:
Dungeon (9/15)             Temple (0/1) D:4
   Lair: D:8-11         Orc: D:9-12

Shops:
D:7 :[[   D:8 [


Innate Abilities, Weirdness & Mutations

You have an increased reservoir of magic. (+10% MP)


Message History

The orc wizard blinks!
The kobold closely misses you. The kobold hits you but does no damage.
You block the wight's attack. The kobold closely misses you.
The kobold hits you but does no damage. The kobold completely misses you.
You puncture the wight!
The wight is severely damaged.
You block the orc warrior's attack.
The wight hits you with a cursed +0 falchion!
* * * LOW HITPOINT WARNING * * *
You partially resist.
You feel drained.
* * * LOW HITPOINT WARNING * * *
The kobold barely misses you. The kobold hits you but does no damage.
You block the kobold's attack. The kobold hits you.
* * * LOW HITPOINT WARNING * * *
The kobold hits you but does no damage.
The wight hits you with a cursed +0 flail.
* * * LOW HITPOINT WARNING * * *
You partially resist.
You feel drained.
The orc warrior hits you with a +0 short sword!
You die...

#........#
#...../..#
#........#
####........####..
..................
...o....((<.......
.......z..........
......KKK.........
..(..zz@K........(
......zKo.........
.......K....<.....
..................
.........>........
................
................
######..########


You could see an orc warrior, 4 wights, an orc wizard (fast) and 6 kobolds.

Vanquished Creatures
  An ice beast (D:7)
  2 sky beasts
  A phantom (D:5)
  A necrophage (D:7)
  2 centaurs
  2 ogres
  3 big kobolds
  3 bullfrogs
  A scorpion (D:8)
  4 wights (D:6)
  A howler monkey (D:4)
  2 bullfrog zombies
  A jelly (D:7)
  A quasit (D:8)
  2 hounds
  A bullfrog skeleton (D:3)
  2 iguanas
  An orc priest (D:4)
  Jessica (D:2)
  2 centaur skeletons
  2 orc wizards
  2 worker ants
  A killer bee zombie (D:6)
  A hound skeleton (D:2)
  A howler monkey zombie (D:5)
  11 gnolls
  2 adders
  A shadow imp (D:7)
  A white imp (D:7)
  A dart slug (D:1)
  6 leopard geckos
  7 orcs
  6 giant cockroaches
  A goblin (D:1)
  5 hobgoblins
  8 jackals
  7 kobolds
  3 quokkas
  3 ball pythons
  8 bats
  4 frilled lizards (D:1)
  A leopard gecko skeleton (D:5)
  5 rats
121 creatures vanquished.

Vanquished Creatures (others)
  4 plants (D:1)
4 creatures vanquished.

Grand Total: 125 creatures vanquished

Notes
Turn   | Place    | Note
-------+----------+-------------------------------------------
     0 | D:1      | BioHzzd the Demigod Fighter began the quest for the Orb.
     0 | D:1      | Reached XP level 1. HP: 18/18 MP: 3/3
   214 | D:1      | Reached skill level 2 in Axes
   313 | D:1      | Reached XP level 2. HP: 24/25 MP: 4/4
  1041 | D:2      | Reached XP level 3. HP: 26/31 MP: 5/5
  1203 | D:2      | Noticed Jessica
  1207 | D:2      | Killed Jessica
  1474 | D:2      | Found a glowing silver altar of Zin.
  1741 | D:3      | Reached XP level 4. HP: 37/38 MP: 6/6
  1944 | D:3      | Found an iron altar of Okawaru.
  2441 | D:4      | Reached skill level 3 in Axes
  2441 | D:4      | Reached XP level 5. HP: 45/45 MP: 7/7
  2693 | D:4      | Found a staircase to the Ecumenical Temple.
  3136 | D:5      | Entered Level 5 of the Dungeon
  3157 | D:5      | Noticed a phantom
  3191 | D:5      | Killed a phantom
  3192 | D:5      | Reached skill level 4 in Axes
  3192 | D:5      | Reached XP level 6. HP: 45/52 MP: 8/8
  3376 | D:5      | Found a broken altar of Ashenzari.
  3468 | D:5      | Found an ancient bone altar of Kikubaaqudgha.
  3507 | D:5      | You fall into a shaft and drop 3 floors!
  3514 | D:8      | Reached skill level 1 in Dodging
  3619 | D:8      | Found Ejofen's Antique Armour Emporium.
  3646 | D:7      | Found Jyeczy's Armour Emporium.
  3691 | D:7      | Reached XP level 7. HP: 44/59 MP: 9/9
  3860 | D:6      | Reached skill level 5 in Axes
  4404 | D:6      | Found an opulent altar of Gozag.
  4993 | D:6      | Reached skill level 6 in Axes
  5001 | D:6      | Reached XP level 8. HP: 41/66 MP: 10/10
  5229 | D:6      | Found a burning altar of Makhleb.
  5229 | D:6      | Noticed a green death
  5508 | D:7      | Found Peschauqik's Antique Armour Boutique.
  5683 | D:7      | Reached skill level 1 in Maces & Flails
  5683 | D:7      | Reached skill level 5 in Shields
  5749 | D:7      | Found Fupui's Book Boutique.
  6692 | D:8      | Reached skill level 5 in Armour
  7212 | D:9      | Slain by an orc warrior

Illustrated notes

Levels and vault maps discovered:
D:1:      denvon_arrival_planthouse, layout_loops_ring
D:2:      layout_loops_ring, lemuel_crystal_altar, uniq_jessica
D:3:      layout_basic, okawaru_metal_pillars_3, supply_closet_lemuel
D:4:      layout_loops_cross, minmay_temple_entry_grid
D:5:      layout_rooms, lemuel_round_altar, basic_altar, minmay_splitting_lines
D:6:      layout_loops_ring, grunt_gozag_breadcrumbs, makhleb_altar_promises_db
D:7:      layout_basic, serial_shops, shop, nicolae_shop_overgrown_old_shop,
          nicolae_shop_statue_plus, minmay_unpleasant_kobolds
D:8:      layout_basic, serial_shops, shop, grunt_ministairs_15
D:9:      layout_small_grid

Skill      XL: |  1  2  3  4  5  6  7  8 |
---------------+-------------------------+-----
Axes           | 2 3 4 6 |  6.4
Shields        | 3 4 5 |  5.4
Fighting       | 3 4 |  4.6
Armour         | 3 4 5 |  5.0
Dodging        | 1 2 |  2.5
Maces & Flails | 4 |  4.0
Stealth        | |  0.6

Action                   |  1- 3 |  4- 6 |  7- 9 || total
-------------------------+-------+-------+-------++-------
Melee: War axe           |   122 |   120 |   111 ||   353
       Morningstar       |       |       |    98 ||    98
Evoke: Wand              |       |       |     1 ||     1
  Use: Scroll            |       |     4 |     4 ||     8
       Potion            |       |       |     1 ||     1
Armor: Scale mail        |    38 |       |       ||    38
       Plate armour      |    77 |     8 |       ||    85
       Pearl dragon scal |       |    63 |   196 ||   259
Dodge: Dodged            |    40 |    30 |   145 ||   215
Block: Kite shield       |   122 |    78 |   204 ||   404

Table legend: (Time is in decaauts)
 A = Elapsed time spent in this place.
 B = Non-inter-level travel time spent in this place.
 C = Inter-level travel time spent in this place.
 D = Time resting spent in this place.
 E = Time spent auto-exploring this place.
 F = Levels seen in this place.
 G = Mean time per level.
                   A        B        C        D        E       F      G
               +--------+--------+--------+--------+--------+-----+--------+
         Total |   7390 |   6976 |    414 |      0 |   4965 |   9 |  821.1 |
       Dungeon |   7390 |   6976 |    414 |      0 |   4965 |   9 |  821.1 |
               +--------+--------+--------+--------+--------+-----+--------+

Top non-repeatable levels by time:
     D:6: 1445 daAuts
     D:7: 1172 daAuts
     D:1: 1042 daAuts
     D:8: 824 daAuts
     D:4: 777 daAuts
     D:2: 706 daAuts
     D:5: 704 daAuts
     D:3: 686 daAuts
     D:9: 30 daAuts
